 Seeded DCSS version 0.31-a0-236-g9a0961fb85 (webtiles) character file.

Game seed: 11330284121249248176 (custom seed)

52 innerfire43 the Slasher (level 3, -4/29 HPs)
             Began as a Demonspawn Monk on July 10, 2023.
             Was a Priest of Wu Jian.
             Slain by an orc warrior
             ... wielding a +0 trident
              (6 damage)
             ... on level 4 of the Dungeon.
             The game lasted 00:01:25 (1305 turns).

innerfire43 the Slasher (Demonspawn Monk)           Turns: 1305, Time: 00:01:26

Health: -4/29      AC: 13    Str: 13    XL:     3   Next: 60%
Magic:  3/3        EV:  4    Int: 11    God:    Wu Jian [***...]
Gold:   111        SH:  0    Dex: 15    Spells: 2/2 levels left

rFire   . . .        a - +0 falchion
rCold   . . .        d - orb {light}
rNeg    . . .        t - +0 plate armour
rPois   +            (no helmet)
rElec   .            o - +0 cloak
rCorr   .            (no gloves)
SInv    .            (no boots)
Will    .....        (no amulet) Stlth
                     m - ring of poison resistance
HPRegen 0.24/turn    (no ring)
MPRegen 0.08/turn

%: no passive effects
@: glowing
A: slimy green scales 1
a: Renounce Religion, Wall Jump, Serpent's Lash


You were on level 4 of the Dungeon.
You worshipped Wu Jian.
Wu Jian was most pleased with you.
You visited 1 branch of the dungeon, and saw 4 of its levels.

You collected 111 gold pieces.

Inventory:

Hand Weapons
 a - a +0 falchion (weapon)
Armour
 b - a +0 robe
 d - an orb of light (worn)
 o - a +0 cloak (worn)
 t - a +0 plate armour (worn)
Jewellery
 m - a ring of poison resistance (left hand)
Scrolls
 e - a scroll of revelation {unknown}
 h - 2 scrolls of identify {unknown}
 k - a scroll of fear {unknown}
 l - a scroll of teleportation {unknown}
 p - a scroll of enchant weapon {unknown}
 v - a scroll of summoning {unknown}
Potions
 c - a potion of ambrosia
 f - a potion of resistance {unknown}
 g - a potion of berserk rage {unknown}
 i - a potion of magic {unknown}
 j - a potion of invisibility {unknown}
 n - 2 potions of enlightenment {unknown}
 q - a potion of heal wounds {unknown}
 r - a potion of haste {unknown}
 s - a potion of curing {unknown}
 u - a potion of attraction {unknown}


   Skills:
 + Level 3.2 Fighting
 * Level 3.2 Long Blades
 * Level 1.5 Armour
 + Level 3.0 Dodging


You had 2 spell levels left.
You didn't know any spells.
Your spell library contained the following spells:

 Spells                   Type           Power      Damage    Failure   Level
 Hailstorm                Conj/Ice       0%         3d3       100%        3
 Ice Form                 Ice/Tmut       0%         N/A       100%        4
 Simulacrum               Ice/Necr       0%         N/A       100%        6


Dungeon Overview and Level Annotations

Branches:
Dungeon (3/15)

Altars:
Kikubaaqudgha
Wu Jian


Innate Abilities, Weirdness & Mutations

You are partially covered in slimy green scales. (AC +2)


Message History

A quokka is nearby!
You hit the quokka.
You kill the quokka!
The Council accepts your kill.
No target in view!
HP restored.
You see here a quokka corpse.
A bat comes into view.
A sourceless malevolence fills the Dungeon...
You fall into a shaft and drop 1 floor!
The shaft crumbles and collapses.
Found a scroll labelled NESEJE LULASKA.
Found a stone staircase leading up.
h - 2 scrolls labelled NESEJE LULASKA (gained 1)
An orc comes into view. It is wielding a +2 whip of pain.
The orc shouts!
An orc warrior and an orc come into view.
The orc warrior shouts!
The orc shouts!
The orc hits you but does no damage.
You hit the orc but do no damage.
The orc hits you with a +2 whip of pain.
The orc warrior hits you from afar with a +0 trident.
You hit the orc.
The orc is moderately wounded.
The orc hits you but does no damage.
The orc warrior hits you from afar with a +0 trident.
You barely miss the orc.
The orc is moderately wounded.
The orc barely misses you. The orc hits you but does no damage.
The orc warrior hits you from afar with a +0 trident.
You hit the orc.
The orc is severely wounded.
The orc hits you but does no damage. The orc hits you with a +0 mace.
The orc warrior hits you from afar with a +0 trident!
* * * LOW HITPOINT WARNING * * *
You hit the orc.
The orc is almost dead.
The orc completely misses you. x2
The orc warrior hits you from afar with a +0 trident.
You die...

.# .. # .## #.
##..# # #
#.#####...#.#..
#..#...<.......
#......o.......
#...@.o...#
#...#o...##
#..###...#
##..###..#
##..#......
#......#....
##.....# ...
###..### ...
...##.#.##


You could see an orc warrior and 2 orcs.

Vanquished Creatures
  An adder (D:2)
  2 worms (D:2)
  A dart slug (D:2)
  4 ball pythons
  3 bats
  2 endoplasms (D:2)
  5 goblins
  3 hobgoblins
  6 quokkas
  A kobold (D:1)
  A rat (D:1)
29 creatures vanquished.

Notes
Turn   | Place    | Note
-------+----------+-------------------------------------------
     0 | D:1      | innerfire43 the Demonspawn Monk began the quest for the
                  | Orb.
     0 | D:1      | Reached XP level 1. HP: 18/18 MP: 1/1
   338 | D:1      | Gained mutation: You are partially covered in slimy green
                  | scales. (AC +2) [demonic ancestry]
   338 | D:1      | Reached XP level 2. HP: 15/24 MP: 2/2
   507 | D:1      | Found a faded altar of an unknown god.
   713 | D:1      | Prayed at the altar of an unknown god.
   713 | D:1      | Became a worshipper of the Wu Jian Council
   713 | D:1      | Reached * piety under Wu Jian
   713 | D:1      | Reached ** piety under Wu Jian
   794 | D:2      | Reached skill level 1 in Armour
   854 | D:2      | Found an ancient bone altar of Kikubaaqudgha.
   866 | D:2      | Reached *** piety under Wu Jian
  1022 | D:2      | Reached XP level 3. HP: 29/29 MP: 3/3
  1286 | D:3      | You fall into a shaft and drop 1 floor!
  1298 | D:4      | Noticed an orc warrior
  1304 | D:4      | HP: 1/29 [orc warrior/+0 trident (9)]
  1305 | D:4      | Slain by an orc warrior

Illustrated notes

Levels and vault maps discovered:
D:1:      dpeg_arrival_rooms_a, layout_loops_ring,
          dreamdust_ecumenical_altar_angels_and_demons, minmay_fountain_box
D:2:      layout_rooms, basic_altar, dk_vineyard_3
D:3:      layout_rooms, uniq_sigmund
D:4:      layout_cave_pools

Skill      XL: |  1  2  3 |
---------------+----------+-----
Armour         | 1 |  1.5
Long Blades    | 3 |  3.2
Dodging        | 3 |  3.0
Fighting       | |  3.2

Action                     || total
---------------------------++-------
  Melee: Falchion          ||    91
Ability: Lunge             ||     3
   Stab: Sleeping          ||     1
 Armour: Robe              ||    10
         Plate armour      ||    16
  Dodge: Dodged            ||    60

Table legend: (Time is in decaauts)
 A = Elapsed time spent in this place.
 B = Non-inter-level travel time spent in this place.
 C = Inter-level travel time spent in this place.
 D = Time resting spent in this place.
 E = Time spent auto-exploring this place.
 F = Levels seen in this place.
 G = Mean time per level.
                   A        B        C        D        E       F      G
               +--------+--------+--------+--------+--------+-----+--------+
         Total |   1318 |   1194 |    124 |      0 |    947 |   4 |  329.5 |
       Dungeon |   1318 |   1194 |    124 |      0 |    947 |   4 |  329.5 |
               +--------+--------+--------+--------+--------+-----+--------+

Top non-repeatable levels by time:
     D:1: 757 daAuts
     D:2: 484 daAuts
     D:3: 56 daAuts
     D:4: 19 daAuts
